 Dungeon Crawl Stone Soup version 0.24.1-14-gf8d2b509d9 (webtiles) character file.

Game seed: 1222743227316546676, levelgen mode: deterministic

22 barney the Changer (level 2, -2/23 HPs)
             Began as a Draconian Transmuter on Sept 29, 2021.
             Slain by a kobold
             ... wielding a +0 whip
              (5 damage)
             ... on level 1 of the Dungeon.
             The game lasted 00:00:33 (602 turns).

barney the Changer (Draconian Transmuter)            Turns: 602, Time: 00:00:33

Health: -2/23      AC:  4    Str: 12    XL:     2   Next: 68%
Magic:  5/5        EV: 12    Int: 13    God:
Gold:   15         SH:  0    Dex: 11    Spells: 4/5 levels left

rFire    . . .     SeeInvis .     - Unarmed
rCold    . . .     Gourm    .   (no shield)
rNeg     . . .     Faith    .   (armour unavailable)
rPois    .         Spirit   .   (helmet restricted)
rElec    .         Reflect  .   (no cloak)
rCorr    .         Harm     .   (no gloves)
MR       .....                  (boots currently unavailable)
Stlth    +.........             (no amulet)
HPRegen  0.07/turn              (no ring)
MPRegen  0.09/turn              (no ring)

@: appendage (expiring)
A: unfitting armour, talons 3, cold-blooded, AC +4
a: End Transformation


You were on level 1 of the Dungeon.
You were not hungry.
You had grown temporary talons.
You visited 1 branch of the dungeon, and saw 1 of its levels.

You collected 15 gold pieces.

Inventory:

Missiles
 a - 27 arrows
Jewellery
 d - an uncursed ring of ice {unknown}
Scrolls
 e - a scroll of magic mapping {unknown}
Potions
 b - a potion of might {unknown}
 g - a potion of lignification {unknown}
Comestibles
 c - a ration
 f - 2 chunks of flesh


   Skills:
 - Level 1.1 Fighting
 - Level 1.7 Dodging
 - Level 3.0 Unarmed Combat
 - Level 2.0 Spellcasting
 + Level 3.3 Transmutations


You had 4 spell levels left.
You knew the following spells:

 Your Spells              Type           Power        Failure   Level  Hunger
a - Beastly Appendage     Tmut           #.....       6%          1    ##.....

Your spell library contained the following spells:

 Spells                   Type           Power        Failure   Level  Hunger
 Sticks to Snakes         Tmut           #.......     10%         2    ###....
 Spider Form              Tmut/Pois      #.........   36%         3    ####...
 Ice Form                 Ice/Tmut       #.......     77%         4    #####..
 Blade Hands              Tmut           #.........   87%         5    ######.


Dungeon Overview and Level Annotations

Branches:
Dungeon (1/15)

Altars:


Innate Abilities, Weirdness & Mutations

Your plain brown scales are hard. (AC +4)
You cannot fit into any form of body armour.
You are cold-blooded and may be slowed by cold attacks.
You have claws for feet.


Message History

The kobold hits you with a +0 whip.
You hit the rat but do no damage. The kobold barely misses you.
The rat misses you.
You closely miss the rat. You claw the rat.
You kill the rat!
The kobold barely misses you. The kobold closely misses you.
Things that are here:
a +0 club; a rat corpse Your transformation is almost over.
The kobold hits you with a +0 whip.
* * * LOW HITPOINT WARNING * * *
You see here a kobold corpse.
The kobold barely misses you.
Things that are here:
a stone; a +0 club; a hobgoblin corpse You hit the kobold.
The kobold is heavily wounded.
The kobold hits you with a +0 whip.
You die...

.....############.......#
.....'.......# #.......#
.....#######'####.......#
.................#......#
.................#......#
#####............#.(....#
#####............#...####
....########+#####(..#
....# #......†@(...#
....# #......)K....#
..### #............# ..#
#...(........# ..#
#........^...# ###
#............#
##############


You could see a kobold.

Vanquished Creatures
  A dart slug (D:1)
  2 giant cockroaches (D:1)
  3 hobgoblins (D:1)
  4 jackals (D:1)
  3 bats (D:1)
  A frilled lizard (D:1)
  3 kobolds (D:1)
  A rat (D:1)
18 creatures vanquished.

Notes
Turn   | Place    | Note
-------+----------+-------------------------------------------
     0 | D:1      | barney the Draconian Transmuter began the quest for the
                  | Orb.
     0 | D:1      | Reached XP level 1. HP: 16/16 MP: 3/3
   243 | D:1      | Reached XP level 2. HP: 5/23 MP: 1/5
   602 | D:1      | Slain by a kobold

Levels and vault maps discovered:
D:1:      lemuel_arrival_tunnels, layout_basic

Skill      XL: |  1  2 |
---------------+-------+-----
Transmutations | 3 |  3.3
Fighting       | |  1.1
Dodging        | |  1.7
Unarmed Combat | |  3.0
Spellcasting   | |  2.0

Action                   || total
-------------------------++-------
Melee: Unarmed           ||    58
       Kick              ||     2
       Punch             ||     1
       Tailslap          ||     4
 Cast: Beastly Appendage ||     6
Armor: Skin              ||    19
Dodge: Dodged            ||    53
